Ducks vs MapleLeafs

Created - Friday, March 25, 2016 at 01:39

Goals
1 2 3 T
Ducks 0 0 1 1
MapleLeafs 3 1 4 8
Shots
1 2 3 T
Ducks 3 13 14 30
MapleLeafs 13 10 16 39

1st period

1. MapleLeafs , Drew Doughty 12 (Patrick Sharp, Brandon Sutter) at 9:30
2. MapleLeafs , James van Riemsdyk 42 (Mikko Koivu) at 9:36
3. MapleLeafs , Bobby Ryan 35 (Patrick Sharp, Drew Doughty) at 10:33 (PP)

Penalties :
Tom Wilson (Ana) for Tripping (Minor) at 0:31, Tom Wilson (Ana) for Hooking (Minor) at 9:39, Patrick Sharp (Tor) for Fighting (Major) at 18:01, Tanner Glass (Ana) for Fighting (Major) at 18:01, Tanner Glass (Ana) for instigated a fight (Minor) at 18:01, Tanner Glass (Ana) for instigated a fight (10 Minutes Misconduct) at 18:01

2nd period

4. MapleLeafs , Bobby Ryan 36 (Dainius Zubrus, Brandon Sutter) at 0:35

Penalties :
Justin Williams (Tor) for Tripping (Minor) at 14:20, Cory Schneider (Tor) for Slashing (Minor) at 19:14 - Erik Gudbranson served the penalty

3rd period

5. Ducks , Brett Bellemore 2 (Brad Richardson, Tanner Glass) at 0:36 (PP)
6. MapleLeafs , Bobby Ryan 37 (Patrick Sharp) at 4:08
7. MapleLeafs , Patrick Sharp 25 (Karl Alzner, Bobby Ryan) at 6:29 (PP)
8. MapleLeafs , Marc-Edouard Vlasic 13 (James Neal, James van Riemsdyk) at 12:45 (PP)
9. MapleLeafs , Justin Williams 24 (Erik Gudbranson, Dominic Moore) at 17:23

Penalties :
Tom Wilson (Ana) for Delaying the game (Minor) at 6:01, Jared Cowen (Ana) for High sticking (Minor) at 12:33

Goalie Stats

Jhonas Enroth (Ana), 12 saves from 16 shots - (0.750), L, 14-21-4, 20:35 minutes
Jonathan Bernier (Ana), 19 saves from 23 shots - (0.826), 39:25 minutes
Cory Schneider (Tor), 29 saves from 30 shots - (0.967), W, 36-24-2, 60:00 minutes

Players Stats for Ducks

Player Name              G  A  P  +/- PIM S  H  SB GA TA FO     MP     PP MP  PK MP  
------------------------------------------------------------------------------------
Andrew MacWilliam        0  0  0   0  0   0  0  0  0  0  0/0     0:00   0:00   0:00 
Blake Comeau             0  0  0  -1  0   0  1  2  0  0  0/0    13:44   0:22   0:08 
Brad Richardson          0  1  1  -1  0   2  0  0  5  0  3/5    19:23   2:29   2:05 
Brett Bellemore          1  0  1  -2  0   2  1  1  1  3  0/0    21:58   1:45   1:22 
Chris Stewart            0  0  0  -1  0   1  0  0  1  0  0/0     9:49   0:00   0:00 
Connor Murphy            0  0  0  -1  0   2  1  1  0  0  0/0    20:32   0:00   0:00 
David Moss               0  0  0  -2  0   3  0  0  1  2  2/10   11:38   0:00   0:00 
James Sheppard           0  0  0  -1  0   0  1  0  0  0  10/20  21:55   2:07   3:27 
Jared Cowen              0  0  0  -2  2   0  2  3  0  1  0/0    21:34   1:36   1:10 
Jean-Gabriel Pageau      0  0  0  -1  0   1  2  0  0  0  5/9    16:48   0:30   1:23 
Jonathan Huberdeau       0  0  0  -3  0   2  0  0  0  0  1/8    23:08   0:52   4:01 
Kyle Palmieri            0  0  0  -1  0   2  2  1  3  0  0/0    13:49   0:00   0:00 
Martin Marincin          0  0  0  -1  0   4  0  2  1  1  0/0    21:16   1:36   4:10 
Nikita Kucherov          0  0  0  -2  0   1  0  0  1  0  0/0    12:00   0:00   0:00 
Nikita Nikitin           0  0  0  -2  0   5  0  4  0  2  0/0    23:16   1:45   4:22 
Ryan Murphy              0  0  0  -2  0   0  0  0  0  1  0/0    12:16   0:22   0:00 
Tanner Glass             0  1  1  -1  17  4  0  0  0  2  0/0    14:29   2:29   0:00 
Tom Wilson               0  0  0  -1  6   1  4  0  3  0  1/1    16:48   0:52   0:00 

Players Stats for MapleLeafs

Player Name              G  A  P  +/- PIM S  H  SB GA TA FO     MP     PP MP  PK MP  
------------------------------------------------------------------------------------
Beau Bennett             0  0  0   0  0   2  0  0  4  0  0/0    10:39   0:00   0:00 
Bobby Ryan               3  1  4   3  0   7  3  0  4  0  0/0    17:15   3:10   0:16 
Brandon Sutter           0  2  2   3  0   0  0  1  0  1  14/24  19:52   3:10   3:05 
Carl Gunnarsson          0  0  0   1  0   0  2  2  0  3  0/0    15:24   0:00   2:18 
Dainius Zubrus           0  1  1   2  0   1  1  0  0  1  1/3    14:08   1:03   0:16 
Dominic Moore            0  1  1   1  0   0  2  1  0  1  1/1    13:59   0:00   3:05 
Drew Doughty             1  1  2   2  0   4  5  2  1  2  0/0    26:01   3:54   2:18 
Erik Gudbranson          0  1  1   1  0   2  1  0  0  0  0/0    13:06   0:00   0:00 
James Neal               0  1  1   1  0   4  1  0  6  0  1/2    18:07   2:22   0:00 
James van Riemsdyk       1  1  2   1  0   3  1  0  1  2  0/0    18:07   2:22   0:00 
Jeff Skinner             0  0  0   0  0   1  0  0  1  0  0/2    10:39   0:00   0:00 
Justin Williams          1  0  1   1  2   4  1  0  1  0  0/0    11:05   0:00   0:00 
Karl Alzner              0  1  1   2  0   1  4  1  0  1  0/0    20:53   1:38   1:03 
Marc-Edouard Vlasic      1  0  1   2  0   3  2  6  0  1  0/0    24:58   3:54   1:03 
Mikko Koivu              0  1  1   1  0   2  0  0  2  0  13/20  18:07   2:22   0:00 
Morgan Rielly            0  0  0   2  0   1  1  0  0  1  0/0    19:38   1:38   0:00 
Patrick Sharp            1  3  4   2  5   4  1  1  0  0  0/0    14:00   2:07   0:00 
Shawn Matthias           0  0  0   0  0   0  1  0  2  0  1/1    10:39   0:00   0:00 

3 Stars

1 - Bobby Ryan (Tor)
2 - Drew Doughty (Tor)
3 - Patrick Sharp (Tor)

Power Play

Ducks - 1 on 2 Attempt(s) - 50.00%
MapleLeafs - 3 on 5 Attempt(s) - 60.00%

Penalty Kill

Ducks - 2 on 5 Attempt(s) - 40.00% - Score 0 goal in Penalty Kill
MapleLeafs - 1 on 2 Attempt(s) - 50.00% - Score 0 goal in Penalty Kill

Team Stat

Ducks - Hits : 14 - Faceoff Wins : 22 - Blocked Shots : 14 - Penalty Minutes : 25
MapleLeafs - Hits : 26 - Faceoff Wins : 31 - Blocked Shots : 14 - Penalty Minutes : 7

Official

Referees : Unknown
Linesman : Unknown

Game Notes

Patrick Sharp and Tanner Glass fight to a draw at 18:01 of 1st period
Jonathan Bernier enters game at 0:35 of 2nd period
Bobby Ryan has scored a Hat Trick!

Finance

Level 1 -- Attendance: 3180 (53.00%) -- Ticket Income $429,300
Level 2 -- Attendance: 2650 (53.00%) -- Ticket Income $225,250
Level 3 -- Attendance: 1116 (55.80%) -- Ticket Income $53,568
Level 4 -- Attendance: 2120 (53.00%) -- Ticket Income $61,480
Luxury Box -- Attendance: 593 (59.30%) -- Ticket Income $135,797
Game was played at the Air Canada Centre.
Total Attendance: 9659 (53.66%)
Total Ticket Income: $905,395
Other Income: $443,644
Total Income: $1,349,039

Ducks

5 vs 5 Forward 
   Center                   Left Wing                Right Wing               Time % Phy DF OF 
 1 James Sheppard           Tom Wilson               Tanner Glass             36     1   2  2  
 2 David Moss               Jonathan Huberdeau       Nikita Kucherov          30     1   2  2  
 3 Jonathan Huberdeau       Blake Comeau             Chris Stewart            21     1   2  2  
 4 Jean-Gabriel Pageau      Brad Richardson          Kyle Palmieri            13     1   2  2  

5 vs 5 Defense 
   Defense                  Defense                                           Time % Phy DF OF 
 1 Brett Bellemore          Jared Cowen                                       35     1   2  2  
 2 Connor Murphy            Martin Marincin                                   30     1   2  2  
 3 Ryan Murphy              Nikita Nikitin                                    22     1   2  2  
 4 Nikita Nikitin           Connor Murphy                                     13     1   2  2  

PowerPlay Forward 
   Center                   Left Wing                Right Wing               Time % Phy DF OF 
 1 Brad Richardson          Tanner Glass             James Sheppard           60     1   2  2  
 2 Jean-Gabriel Pageau      Jonathan Huberdeau       Tom Wilson               40     1   2  2  

PowerPlay Defense
   Defense                  Defense                                           Time % Phy DF OF 
 1 Nikita Nikitin           Brett Bellemore                                   60     1   2  2  
 2 Jared Cowen              Martin Marincin                                   40     1   2  2  

Penalty Kill 4 Players Forward 
   Center                   Wing                     Time % Phy DF OF 
 1 James Sheppard           Jonathan Huberdeau       60     1   2  2  
 2 Jean-Gabriel Pageau      Brad Richardson          40     1   2  2  

Penalty Kill 4 Players Defense
   Defense                  Defense                  Time % Phy DF OF 
 1 Nikita Nikitin           Martin Marincin          60     1   2  2  
 2 Brett Bellemore          Jared Cowen              40     1   2  2  

Penalty Kill - 3 Players Forward 
   Forward                                           Time % Phy DF OF 
 1 Jonathan Huberdeau                                60     1   2  2  
 2 Brad Richardson                                   40     1   2  2  

Penalty Kill - 3 Players Defense
   Defense                  Defense                  Time % Phy DF OF 
 1 Jared Cowen              Brett Bellemore          60     1   2  2  
 2 Nikita Nikitin           Connor Murphy            40     1   2  2  

4 vs 4 Forward 
   Center                   Wing                     Time % Phy DF OF 
 1 James Sheppard           Brad Richardson          60     1   2  2  
 2 Jonathan Huberdeau       Tom Wilson               40     1   2  2  

4 vs 4 Defense
   Defense                  Defense                  Time % Phy DF OF 
 1 Nikita Nikitin           Brett Bellemore          60     1   2  2  
 2 Martin Marincin          Jared Cowen              40     1   2  2  

Last Minutes Offensive
   Center                   Left Wing                Right Wing               Defense                  Defense                  
   James Sheppard           Tom Wilson               Tanner Glass             Brett Bellemore          Jared Cowen              

Last Minutes Defensive
   Center                   Left Wing                Right Wing               Defense                  Defense                  
   James Sheppard           Tom Wilson               Tanner Glass             Brett Bellemore          Jared Cowen              

Goaltenders
Starting : Jhonas Enroth            
Backup : Jonathan Bernier         

Extra Forwards
Normal : James Sheppard, Brad Richardson, Jonathan Huberdeau - PP : Brad Richardson, Jonathan Huberdeau - PK : Jonathan Huberdeau
Extra Defensemen
Normal : Brett Bellemore, Nikita Nikitin, Jared Cowen - PP : Nikita Nikitin - PK : Nikita Nikitin, Brett Bellemore
Penalty Shots
Tom Wilson, Brad Richardson, Jonathan Huberdeau, James Sheppard, Jean-Gabriel Pageau

MapleLeafs

5 vs 5 Forward 
   Center                   Left Wing                Right Wing               Time % Phy DF OF 
 1 Mikko Koivu              James van Riemsdyk       James Neal               35     1   2  2  
 2 Brandon Sutter           Bobby Ryan               Patrick Sharp            30     1   2  2  
 3 Dainius Zubrus           Dominic Moore            Justin Williams          20     1   2  2  
 4 Shawn Matthias           Jeff Skinner             Beau Bennett             15     0   2  3  

5 vs 5 Defense 
   Defense                  Defense                                           Time % Phy DF OF 
 1 Drew Doughty             Marc-Edouard Vlasic                               40     1   2  2  
 2 Morgan Rielly            Karl Alzner                                       35     1   2  2  
 3 Carl Gunnarsson          Erik Gudbranson                                   25     1   2  2  
 4 Drew Doughty             Marc-Edouard Vlasic                               0      1   2  2  

PowerPlay Forward 
   Center                   Left Wing                Right Wing               Time % Phy DF OF 
 1 Mikko Koivu              James van Riemsdyk       James Neal               60     0   1  4  
 2 Brandon Sutter           Bobby Ryan               Patrick Sharp            40     0   1  4  

PowerPlay Defense
   Defense                  Defense                                           Time % Phy DF OF 
 1 Drew Doughty             Marc-Edouard Vlasic                               75     0   2  3  
 2 Morgan Rielly            Karl Alzner                                       25     0   2  3  

Penalty Kill 4 Players Forward 
   Center                   Wing                     Time % Phy DF OF 
 1 Brandon Sutter           Dominic Moore            65     0   5  0  
 2 Dainius Zubrus           Shawn Matthias           35     0   5  0  

Penalty Kill 4 Players Defense
   Defense                  Defense                  Time % Phy DF OF 
 1 Drew Doughty             Carl Gunnarsson          70     0   5  0  
 2 Marc-Edouard Vlasic      Karl Alzner              30     0   5  0  

Penalty Kill - 3 Players Forward 
   Forward                                           Time % Phy DF OF 
 1 Dominic Moore                                     65     0   5  0  
 2 Brandon Sutter                                    35     0   5  0  

Penalty Kill - 3 Players Defense
   Defense                  Defense                  Time % Phy DF OF 
 1 Drew Doughty             Carl Gunnarsson          70     0   5  0  
 2 Marc-Edouard Vlasic      Karl Alzner              30     0   5  0  

4 vs 4 Forward 
   Center                   Wing                     Time % Phy DF OF 
 1 Mikko Koivu              James van Riemsdyk       60     0   2  3  
 2 Patrick Sharp            James Neal               40     0   2  3  

4 vs 4 Defense
   Defense                  Defense                  Time % Phy DF OF 
 1 Drew Doughty             Marc-Edouard Vlasic      60     1   2  2  
 2 Morgan Rielly            Karl Alzner              40     1   2  2  

Last Minutes Offensive
   Center                   Left Wing                Right Wing               Defense                  Defense                  
   Mikko Koivu              James van Riemsdyk       James Neal               Drew Doughty             Marc-Edouard Vlasic      

Last Minutes Defensive
   Center                   Left Wing                Right Wing               Defense                  Defense                  
   Mikko Koivu              James van Riemsdyk       James Neal               Drew Doughty             Marc-Edouard Vlasic      

Goaltenders
Starting : Cory Schneider           
Backup : Martin Jones             

Extra Forwards
Normal : Dainius Zubrus, Dominic Moore, Justin Williams - PP : Dainius Zubrus, Dominic Moore - PK : Justin Williams
Extra Defensemen
Normal : Morgan Rielly, Erik Gudbranson, Marc-Edouard Vlasic - PP : Morgan Rielly - PK : Erik Gudbranson, Marc-Edouard Vlasic
Penalty Shots
Mikko Koivu, James van Riemsdyk, James Neal, Brandon Sutter, Bobby Ryan

% Time on Ice - Ducks

Lines # - Real PCT - Wanted PCT - Time Play
Normal Forward
1 - 35% - 36% - 17:58
2 - 24% - 30% - 12:19
3 - 16% - 21% - 7:58
4 - 25% - 13% - 12:52
Normal Defense
1 - 37% - 35% - 18:53
2 - 30% - 30% - 15:28
3 - 23% - 22% - 11:54
4 - 10% - 13% - 4:52
PP Forward
1 - 74% - 60% - 2:29
2 - 26% - 40% - 0:52
PP Defense
1 - 52% - 60% - 1:45
2 - 48% - 40% - 1:36
PK Forward
1 - 75% - 60% - 4:09
2 - 25% - 40% - 1:23
PK Defense
1 - 75% - 60% - 4:10
2 - 25% - 40% - 1:22
PK3 Forward
1 - 0% - 60%
2 - 0% - 40%
PK3 Defense
1 - 0% - 60%
2 - 0% - 40%
44 Forward
1 - 0% - 60%
2 - 0% - 40%
44 Defense
1 - 0% - 60%
2 - 0% - 40%
Last Minute Offensive  - 0:00
Last Minute Defensive  - 0:00
Total
Forward - 60:00
Defense - 60:00

% Time on Ice - MapleLeafs

Lines # - Real PCT - Wanted PCT - Time Play
Normal Forward
1 - 31% - 35% - 15:57
2 - 27% - 30% - 13:37
3 - 21% - 20% - 10:54
4 - 21% - 15% - 10:39
Normal Defense
1 - 39% - 40% - 19:49
2 - 36% - 35% - 18:12
3 - 26% - 25% - 13:06
4 - 0% - 0% - 0:00
PP Forward
1 - 43% - 60% - 2:22
2 - 57% - 40% - 3:10
PP Defense
1 - 70% - 75% - 3:54
2 - 30% - 25% - 1:38
PK Forward
1 - 100% - 65% - 3:21
2 - 0% - 35% - 0:00
PK Defense
1 - 69% - 70% - 2:18
2 - 31% - 30% - 1:03
PK3 Forward
1 - 0% - 65%
2 - 0% - 35%
PK3 Defense
1 - 0% - 70%
2 - 0% - 30%
44 Forward
1 - 0% - 60%
2 - 0% - 40%
44 Defense
1 - 0% - 60%
2 - 0% - 40%
Last Minute Offensive  - 0:00
Last Minute Defensive  - 0:00
Total
Forward - 60:00
Defense - 60:00

Play by Play

1st period


0:01 of 1st period - Mikko Koivu wins face-off versus James Sheppard in neutral zone.
0:31 of 1st period - Minor Penalty to Tom Wilson for Tripping.
0:32 of 1st period - Brandon Sutter wins face-off versus James Sheppard in Ducks zone.
1:08 of 1st period - Nikita Nikitin is hit by Marc-Edouard Vlasic and loses puck.
2:25 of 1st period - Morgan Rielly is hit by Brett Bellemore and loses puck.
2:31 of 1st period - Penalty to Tom Wilson is over, Tom Wilson is back on ice.
2:56 of 1st period - Chris Stewart is hit by Justin Williams and loses puck.
3:33 of 1st period - Wrist shot by Beau Bennett.
3:33 of 1st period - Stopped by Jhonas Enroth with a rebound.
3:44 of 1st period - Snap shot by Erik Gudbranson.
3:44 of 1st period - Deflect By Chris Stewart.
3:44 of 1st period - Stopped by Jhonas Enroth without a rebound.
3:45 of 1st period - James Sheppard wins face-off versus Mikko Koivu in Ducks zone.
5:05 of 1st period - Snap shot by Beau Bennett.
5:05 of 1st period - Stopped by Jhonas Enroth without a rebound.
5:06 of 1st period - Dainius Zubrus wins face-off versus James Sheppard in Ducks zone.
6:08 of 1st period - Icing by Martin Marincin.
6:09 of 1st period - Brandon Sutter wins face-off versus David Moss in Ducks zone.
7:05 of 1st period - Backhand shot by Mikko Koivu.
7:05 of 1st period - Shot Misses the Net.
7:27 of 1st period - Marc-Edouard Vlasic is hit by Jean-Gabriel Pageau and loses puck.
7:50 of 1st period - Carl Gunnarsson is hit by Connor Murphy and loses puck.
9:00 of 1st period - Wrist shot by Chris Stewart.
9:00 of 1st period - Shot Misses the Net.
9:02 of 1st period - Snap shot by Ryan Murphy.
9:02 of 1st period - Shot Misses the Net.
9:28 of 1st period - Wrist shot by Patrick Sharp.
9:28 of 1st period - Shot Blocked by Nikita Nikitin.
9:30 of 1st period - Slapshot by Drew Doughty.
9:30 of 1st period - Goal by Drew Doughty - Ducks : 0 - MapleLeafs : 1.
9:31 of 1st period - Mikko Koivu wins face-off versus David Moss in neutral zone.
9:36 of 1st period - Snap shot by James van Riemsdyk.
9:36 of 1st period - Goal by James van Riemsdyk - Ducks : 0 - MapleLeafs : 2.
9:37 of 1st period - James Sheppard wins face-off versus Brandon Sutter in neutral zone.
9:39 of 1st period - Minor Penalty to Tom Wilson for Hooking.
9:40 of 1st period - James Sheppard wins face-off versus Mikko Koivu in Ducks zone.
10:01 of 1st period - Backhand shot by James van Riemsdyk.
10:01 of 1st period - Shot Misses the Net.
10:03 of 1st period - Slapshot by Marc-Edouard Vlasic.
10:03 of 1st period - Deflect By James van Riemsdyk.
10:03 of 1st period - Shot Misses the Net.
10:03 of 1st period - Puck is out of play.
10:04 of 1st period - Jonathan Huberdeau wins face-off versus Brandon Sutter in Ducks zone.
10:15 of 1st period - Wrist shot by Bobby Ryan.
10:15 of 1st period - Deflect By Patrick Sharp.
10:15 of 1st period - Stopped by Jhonas Enroth with a rebound.
10:17 of 1st period - Slapshot by Drew Doughty.
10:17 of 1st period - Shot Misses the Net.
10:33 of 1st period - Wrist shot by Bobby Ryan.
10:33 of 1st period - Goal by Bobby Ryan - Ducks : 0 - MapleLeafs : 3.
10:34 of 1st period - Jean-Gabriel Pageau wins face-off versus Mikko Koivu in neutral zone.
10:38 of 1st period - Icing by Morgan Rielly.
10:39 of 1st period - Jean-Gabriel Pageau wins face-off versus James Neal in MapleLeafs zone.
10:51 of 1st period - Off-side.
10:52 of 1st period - James Neal wins face-off versus Jean-Gabriel Pageau in neutral zone.
11:24 of 1st period - Off-side.
11:25 of 1st period - Brandon Sutter wins face-off versus Jonathan Huberdeau in neutral zone.
11:34 of 1st period - Wrist shot by Bobby Ryan.
11:34 of 1st period - Shot Misses the Net.
11:42 of 1st period - Snap shot by Nikita Nikitin.
11:42 of 1st period - Shot Blocked by Patrick Sharp.
11:44 of 1st period - Backhand shot by Connor Murphy.
11:44 of 1st period - Shot Blocked by Marc-Edouard Vlasic.
11:54 of 1st period - Wrist shot by Nikita Kucherov.
11:54 of 1st period - Stopped by Cory Schneider with a rebound.
11:56 of 1st period - Slapshot by Connor Murphy.
11:56 of 1st period - Stopped by Cory Schneider without a rebound.
11:57 of 1st period - Tom Wilson wins face-off versus Dainius Zubrus in MapleLeafs zone.
12:18 of 1st period - Wrist shot by Morgan Rielly.
12:18 of 1st period - Stopped by Jhonas Enroth with a rebound.
12:20 of 1st period - Wrist shot by Dainius Zubrus.
12:20 of 1st period - Stopped by Jhonas Enroth with a rebound.
13:08 of 1st period - Snap shot by Mikko Koivu.
13:08 of 1st period - Stopped by Jhonas Enroth with a rebound.
13:10 of 1st period - Slapshot by Mikko Koivu.
13:10 of 1st period - Deflect By James van Riemsdyk.
13:10 of 1st period - Shot Misses the Net.
13:10 of 1st period - Puck is out of play.
13:11 of 1st period - Brandon Sutter wins face-off versus Jonathan Huberdeau in Ducks zone.
13:42 of 1st period - Wrist shot by Bobby Ryan.
13:42 of 1st period - Stopped by Jhonas Enroth with a rebound.
13:44 of 1st period - Slapshot by Carl Gunnarsson.
13:44 of 1st period - Shot Blocked by Nikita Nikitin.
13:46 of 1st period - Wrist shot by Brandon Sutter.
13:46 of 1st period - Shot Blocked by Blake Comeau.
13:48 of 1st period - Snap shot by Bobby Ryan.
13:48 of 1st period - Stopped by Jhonas Enroth with a rebound.
14:08 of 1st period - Kyle Palmieri is hit by Carl Gunnarsson and loses puck.
14:14 of 1st period - Off-side.
14:15 of 1st period - Mikko Koivu wins face-off versus Jean-Gabriel Pageau in neutral zone.
14:36 of 1st period - Jean-Gabriel Pageau is hit by James Neal.
15:16 of 1st period - Jared Cowen is hit by Drew Doughty and loses puck.
15:29 of 1st period - Snap shot by Justin Williams.
15:29 of 1st period - Shot Hit the Post.
15:31 of 1st period - Snap shot by Dominic Moore.
15:31 of 1st period - Shot Blocked by Jared Cowen.
15:59 of 1st period - Wrist shot by Nikita Kucherov.
15:59 of 1st period - Shot Blocked by Karl Alzner.
16:27 of 1st period - Icing by Kyle Palmieri.
16:28 of 1st period - Jean-Gabriel Pageau wins face-off versus Jeff Skinner in Ducks zone.
16:37 of 1st period - Snap shot by Kyle Palmieri.
16:37 of 1st period - Stopped by Cory Schneider with a rebound.
16:49 of 1st period - Wrist shot by Blake Comeau.
16:49 of 1st period - Shot Blocked by Carl Gunnarsson.
17:01 of 1st period - Snap shot by Jeff Skinner.
17:01 of 1st period - Deflect By Beau Bennett.
17:01 of 1st period - Shot Misses the Net.
17:01 of 1st period - Puck is out of play.
17:02 of 1st period - Mikko Koivu wins face-off versus James Sheppard in Ducks zone.
17:11 of 1st period - Wrist shot by James Neal.
17:11 of 1st period - Stopped by Jhonas Enroth with a rebound.
17:55 of 1st period - Tanner Glass is hit by Marc-Edouard Vlasic and loses puck.
18:01 of 1st period - Patrick Sharp and Tanner Glass fight to a draw.
18:01 of 1st period - Penalty to Patrick Sharp for Fighting.
18:01 of 1st period - Penalty to Tanner Glass for Fighting.
18:01 of 1st period - Penalty to Tanner Glass for instigated a fight.
18:01 of 1st period - Penalty to Tanner Glass for instigated a fight.
18:02 of 1st period - Brandon Sutter wins face-off versus James Sheppard in neutral zone.
18:59 of 1st period - Wrist shot by James Neal.
18:59 of 1st period - Shot Blocked by Nikita Nikitin.
19:43 of 1st period - Nikita Nikitin is hit by Drew Doughty and loses puck.
Goals for this period are 0 for Ducks vs 3 for MapleLeafs.
Shots for this period are 3 for Ducks vs 13 for MapleLeafs.

2nd period


0:01 of 2nd period - Penalty to Tanner Glass is over, Blake Comeau is send on ice.
0:01 of 2nd period - Mikko Koivu wins face-off versus James Sheppard in neutral zone.
0:17 of 2nd period - Snap shot by James Neal.
0:17 of 2nd period - Stopped by Jhonas Enroth with a rebound.
0:21 of 2nd period - Snap shot by James Neal.
0:21 of 2nd period - Stopped by Jhonas Enroth without a rebound.
0:22 of 2nd period - Brandon Sutter wins face-off versus David Moss in Ducks zone.
0:35 of 2nd period - Snap shot by Bobby Ryan.
0:35 of 2nd period - Goal by Bobby Ryan - Ducks : 0 - MapleLeafs : 4.
0:35 of 2nd period - Jonathan Bernier enters game.
0:36 of 2nd period - Brandon Sutter wins face-off versus David Moss in neutral zone.
0:43 of 2nd period - Wrist shot by David Moss.
0:43 of 2nd period - Stopped by Cory Schneider without a rebound.
0:44 of 2nd period - Brandon Sutter wins face-off versus David Moss in MapleLeafs zone.
0:49 of 2nd period - Connor Murphy is hit by Bobby Ryan and loses puck.
1:08 of 2nd period - Slapshot by Nikita Kucherov.
1:08 of 2nd period - Deflect By Jonathan Huberdeau.
1:08 of 2nd period - Stopped by Cory Schneider with a rebound.
1:10 of 2nd period - Snap shot by Connor Murphy.
1:10 of 2nd period - Stopped by Cory Schneider without a rebound.
1:11 of 2nd period - Mikko Koivu wins face-off versus James Sheppard in MapleLeafs zone.
2:00 of 2nd period - Wrist shot by Jonathan Huberdeau.
2:00 of 2nd period - Shot Misses the Net.
2:08 of 2nd period - Connor Murphy is hit by Shawn Matthias and loses puck.
2:47 of 2nd period - Marc-Edouard Vlasic is hit by Kyle Palmieri and loses puck.
3:06 of 2nd period - Connor Murphy is hit by Dainius Zubrus and loses puck.
3:39 of 2nd period - Erik Gudbranson is hit by Blake Comeau.
3:57 of 2nd period - Wrist shot by James van Riemsdyk.
3:57 of 2nd period - Deflect By Mikko Koivu.
3:57 of 2nd period - Shot Misses the Net.
3:57 of 2nd period - Puck is out of play.
3:58 of 2nd period - Jean-Gabriel Pageau wins face-off versus Dainius Zubrus in Ducks zone.
4:19 of 2nd period - Dominic Moore is hit by Jared Cowen and loses puck.
4:32 of 2nd period - Jared Cowen is hit by Karl Alzner and loses puck.
4:39 of 2nd period - Morgan Rielly is hit by Jared Cowen.
5:05 of 2nd period - Slapshot by Blake Comeau.
5:05 of 2nd period - Shot Misses the Net.
5:07 of 2nd period - Slapshot by Martin Marincin.
5:07 of 2nd period - Stopped by Cory Schneider with a rebound.
5:37 of 2nd period - Wrist shot by James Neal.
5:37 of 2nd period - Shot Misses the Net.
5:39 of 2nd period - Slapshot by Marc-Edouard Vlasic.
5:39 of 2nd period - Stopped by Jonathan Bernier with a rebound.
5:41 of 2nd period - Slapshot by Marc-Edouard Vlasic.
5:41 of 2nd period - Stopped by Jonathan Bernier with a rebound.
6:37 of 2nd period - Wrist shot by Bobby Ryan.
6:37 of 2nd period - Stopped by Jonathan Bernier without a rebound.
6:38 of 2nd period - Shawn Matthias wins face-off versus David Moss in Ducks zone.
7:05 of 2nd period - Wrist shot by Nikita Kucherov.
7:05 of 2nd period - Shot Misses the Net.
7:34 of 2nd period - Ryan Murphy is hit by Carl Gunnarsson and loses puck.
8:57 of 2nd period - Slapshot by Morgan Rielly.
8:57 of 2nd period - Shot Misses the Net.
9:26 of 2nd period - Jared Cowen is hit by James van Riemsdyk and loses puck.
9:33 of 2nd period - Wrist shot by James van Riemsdyk.
9:33 of 2nd period - Stopped by Jonathan Bernier with a rebound.
9:35 of 2nd period - Snap shot by James van Riemsdyk.
9:35 of 2nd period - Shot Misses the Net.
10:06 of 2nd period - Slapshot by Jeff Skinner.
10:06 of 2nd period - Stopped by Jonathan Bernier with a rebound.
10:29 of 2nd period - Connor Murphy is hit by Patrick Sharp and loses puck.
10:58 of 2nd period - Justin Williams is hit by Tom Wilson and loses puck.
12:05 of 2nd period - Slapshot by Drew Doughty.
12:05 of 2nd period - Stopped by Jonathan Bernier without a rebound.
12:06 of 2nd period - James Sheppard wins face-off versus Brandon Sutter in Ducks zone.
12:15 of 2nd period - Backhand shot by Blake Comeau.
12:15 of 2nd period - Shot Blocked by Drew Doughty.
12:23 of 2nd period - Martin Marincin is hit by Bobby Ryan and loses puck.
13:01 of 2nd period - 10 Minutes Misconduct Penalty to Tanner Glass is over.
13:41 of 2nd period - Slapshot by Jeff Skinner.
13:41 of 2nd period - Shot Misses the Net.
14:01 of 2nd period - Tanner Glass is hit by Dominic Moore and loses puck.
14:20 of 2nd period - Minor Penalty to Justin Williams for Tripping.
14:21 of 2nd period - James Sheppard wins face-off versus Brandon Sutter in MapleLeafs zone.
14:26 of 2nd period - Wrist shot by Tanner Glass.
14:26 of 2nd period - Stopped by Cory Schneider with a rebound.
14:28 of 2nd period - Slapshot by Brad Richardson.
14:28 of 2nd period - Stopped by Cory Schneider with a rebound.
14:34 of 2nd period - Slapshot by Martin Marincin.
14:34 of 2nd period - Shot Misses the Net.
14:36 of 2nd period - Snap shot by James Sheppard.
14:36 of 2nd period - Shot Blocked by Drew Doughty.
14:38 of 2nd period - Wrist shot by Martin Marincin.
14:38 of 2nd period - Stopped by Cory Schneider with a rebound.
14:40 of 2nd period - Wrist shot by Brad Richardson.
14:40 of 2nd period - Deflect By Tanner Glass.
14:40 of 2nd period - Stopped by Cory Schneider without a rebound.
14:41 of 2nd period - Brad Richardson wins face-off versus Brandon Sutter in MapleLeafs zone.
14:58 of 2nd period - Slapshot by Jonathan Huberdeau.
14:58 of 2nd period - Shot Blocked by Dominic Moore.
15:16 of 2nd period - Slapshot by Nikita Nikitin.
15:16 of 2nd period - Deflect By Brad Richardson.
15:16 of 2nd period - Shot Misses the Net.
15:16 of 2nd period - Puck is out of play.
15:17 of 2nd period - James Sheppard wins face-off versus Brandon Sutter in MapleLeafs zone.
15:18 of 2nd period - Slapshot by Nikita Nikitin.
15:18 of 2nd period - Shot Misses the Net.
15:20 of 2nd period - Wrist shot by Tanner Glass.
15:20 of 2nd period - Shot Blocked by Marc-Edouard Vlasic.
15:22 of 2nd period - Slapshot by Brett Bellemore.
15:22 of 2nd period - Shot Hit the Post.
15:24 of 2nd period - Slapshot by Brett Bellemore.
15:24 of 2nd period - Shot Blocked by Marc-Edouard Vlasic.
15:26 of 2nd period - Slapshot by Brett Bellemore.
15:26 of 2nd period - Shot Misses the Net.
16:20 of 2nd period - Penalty to Justin Williams is over, Justin Williams is back on ice.
16:20 of 2nd period - Tom Wilson is hit by Bobby Ryan and loses puck.
16:27 of 2nd period - Slapshot by Nikita Nikitin.
16:27 of 2nd period - Stopped by Cory Schneider with a rebound.
16:29 of 2nd period - Wrist shot by Jean-Gabriel Pageau.
16:29 of 2nd period - Shot Blocked by Marc-Edouard Vlasic.
16:31 of 2nd period - Slapshot by Martin Marincin.
16:31 of 2nd period - Stopped by Cory Schneider without a rebound.
16:32 of 2nd period - Mikko Koivu wins face-off versus Jean-Gabriel Pageau in MapleLeafs zone.
16:32 of 2nd period - Mikko Koivu is hit by Tom Wilson.
16:38 of 2nd period - Connor Murphy is hit by Erik Gudbranson.
17:32 of 2nd period - Slapshot by Drew Doughty.
17:32 of 2nd period - Shot Blocked by Connor Murphy.
17:34 of 2nd period - Slapshot by Drew Doughty.
17:34 of 2nd period - Stopped by Jonathan Bernier without a rebound.
17:35 of 2nd period - Brandon Sutter wins face-off versus Jonathan Huberdeau in Ducks zone.
17:50 of 2nd period - Snap shot by Chris Stewart.
17:50 of 2nd period - Stopped by Cory Schneider without a rebound.
17:51 of 2nd period - Brandon Sutter wins face-off versus Jonathan Huberdeau in MapleLeafs zone.
18:24 of 2nd period - Wrist shot by Beau Bennett.
18:24 of 2nd period - Shot Hit the Post.
18:54 of 2nd period - Backhand shot by Nikita Nikitin.
18:54 of 2nd period - Shot Misses the Net.
19:12 of 2nd period - Slapshot by Jean-Gabriel Pageau.
19:12 of 2nd period - Stopped by Cory Schneider with a rebound.
19:14 of 2nd period - Wrist shot by Jean-Gabriel Pageau.
19:14 of 2nd period - Deflect By Kyle Palmieri.
19:14 of 2nd period - Stopped by Cory Schneider without a rebound.
19:14 of 2nd period - Minor Penalty to Cory Schneider for Slashing.
19:15 of 2nd period - Brandon Sutter wins face-off versus Brad Richardson in MapleLeafs zone.
19:38 of 2nd period - Slapshot by Nikita Nikitin.
19:38 of 2nd period - Deflect By Brad Richardson.
19:38 of 2nd period - Shot Misses the Net.
19:38 of 2nd period - Puck is out of play.
19:39 of 2nd period - Brandon Sutter wins face-off versus Brad Richardson in MapleLeafs zone.
Goals for this period are 0 for Ducks vs 1 for MapleLeafs.
Shots for this period are 13 for Ducks vs 10 for MapleLeafs.

3rd period


0:01 of 3rd period - Brad Richardson wins face-off versus Brandon Sutter in neutral zone.
0:04 of 3rd period - Slapshot by Nikita Nikitin.
0:04 of 3rd period - Shot Misses the Net.
0:06 of 3rd period - Slapshot by Brett Bellemore.
0:06 of 3rd period - Deflect By Brad Richardson.
0:06 of 3rd period - Shot Blocked by Carl Gunnarsson.
0:06 of 3rd period - Puck is out of play.
0:07 of 3rd period - Brad Richardson wins face-off versus Brandon Sutter in MapleLeafs zone.
0:34 of 3rd period - Wrist shot by Brad Richardson.
0:34 of 3rd period - Stopped by Cory Schneider with a rebound.
0:36 of 3rd period - Backhand shot by Brett Bellemore.
0:36 of 3rd period - Goal by Brett Bellemore - Ducks : 1 - MapleLeafs : 4.
0:37 of 3rd period - Mikko Koivu wins face-off versus Jonathan Huberdeau in neutral zone.
0:56 of 3rd period - Wrist shot by James Neal.
0:56 of 3rd period - Shot Misses the Net.
1:00 of 3rd period - Slapshot by James Neal.
1:00 of 3rd period - Stopped by Jonathan Bernier with a rebound.
1:32 of 3rd period - Nikita Nikitin is hit by Drew Doughty and loses puck.
2:34 of 3rd period - Wrist shot by Justin Williams.
2:34 of 3rd period - Shot Hit the Post.
2:36 of 3rd period - Slapshot by Karl Alzner.
2:36 of 3rd period - Stopped by Jonathan Bernier with a rebound.
3:11 of 3rd period - Slapshot by Drew Doughty.
3:11 of 3rd period - Shot Misses the Net.
3:43 of 3rd period - James Sheppard is hit by Drew Doughty and loses puck.
3:54 of 3rd period - Tom Wilson is hit by Karl Alzner.
4:08 of 3rd period - Wrist shot by Bobby Ryan.
4:08 of 3rd period - Goal by Bobby Ryan - Ducks : 1 - MapleLeafs : 5.
4:09 of 3rd period - Brandon Sutter wins face-off versus Jean-Gabriel Pageau in neutral zone.
4:17 of 3rd period - Snap shot by Brad Richardson.
4:17 of 3rd period - Shot Blocked by Brandon Sutter.
4:31 of 3rd period - Slapshot by Bobby Ryan.
4:31 of 3rd period - Shot Blocked by Kyle Palmieri.
4:45 of 3rd period - Snap shot by Patrick Sharp.
4:45 of 3rd period - Stopped by Jonathan Bernier without a rebound.
4:46 of 3rd period - Mikko Koivu wins face-off versus David Moss in Ducks zone.
5:09 of 3rd period - Wrist shot by James Neal.
5:09 of 3rd period - Shot Blocked by Jared Cowen.
5:19 of 3rd period - Slapshot by James Neal.
5:19 of 3rd period - Shot Blocked by Brett Bellemore.
6:01 of 3rd period - Minor Penalty to Tom Wilson for Delaying the game.
6:02 of 3rd period - Brandon Sutter wins face-off versus James Sheppard in Ducks zone.
6:19 of 3rd period - Slapshot by Patrick Sharp.
6:19 of 3rd period - Stopped by Jonathan Bernier with a rebound.
6:21 of 3rd period - Snap shot by Brandon Sutter.
6:21 of 3rd period - Shot Blocked by Martin Marincin.
6:23 of 3rd period - Backhand shot by Bobby Ryan.
6:23 of 3rd period - Stopped by Jonathan Bernier with a rebound.
6:25 of 3rd period - Slapshot by Karl Alzner.
6:25 of 3rd period - Shot Misses the Net.
6:27 of 3rd period - Slapshot by Karl Alzner.
6:27 of 3rd period - Shot Blocked by Nikita Nikitin.
6:29 of 3rd period - Slapshot by Karl Alzner.
6:29 of 3rd period - Deflect By Patrick Sharp.
6:29 of 3rd period - Goal by Patrick Sharp - Ducks : 1 - MapleLeafs : 6.
6:30 of 3rd period - Jean-Gabriel Pageau wins face-off versus Mikko Koivu in neutral zone.
6:51 of 3rd period - Martin Marincin is hit by Karl Alzner and loses puck.
7:26 of 3rd period - Connor Murphy is hit by Morgan Rielly and loses puck.
7:35 of 3rd period - Marc-Edouard Vlasic is hit by Tom Wilson and loses puck.
7:46 of 3rd period - Snap shot by Tanner Glass.
7:46 of 3rd period - Stopped by Cory Schneider with a rebound.
7:48 of 3rd period - Snap shot by Tanner Glass.
7:48 of 3rd period - Shot Misses the Net.
8:14 of 3rd period - Snap shot by Nikita Kucherov.
8:14 of 3rd period - Shot Misses the Net.
8:20 of 3rd period - Brett Bellemore is hit by Drew Doughty and loses puck.
8:33 of 3rd period - Slapshot by Justin Williams.
8:33 of 3rd period - Stopped by Jonathan Bernier with a rebound.
8:35 of 3rd period - Snap shot by Erik Gudbranson.
8:35 of 3rd period - Stopped by Jonathan Bernier with a rebound.
8:37 of 3rd period - Snap shot by Dainius Zubrus.
8:37 of 3rd period - Shot Misses the Net.
9:13 of 3rd period - Wrist shot by Shawn Matthias.
9:13 of 3rd period - Shot Misses the Net.
9:43 of 3rd period - Karl Alzner is hit by Kyle Palmieri and loses puck.
10:14 of 3rd period - Marc-Edouard Vlasic is hit by Tom Wilson and loses puck.
10:19 of 3rd period - Snap shot by James Sheppard.
10:19 of 3rd period - Shot Blocked by Marc-Edouard Vlasic.
10:21 of 3rd period - Slapshot by Martin Marincin.
10:21 of 3rd period - Stopped by Cory Schneider without a rebound.
10:22 of 3rd period - James Sheppard wins face-off versus Brandon Sutter in MapleLeafs zone.
11:12 of 3rd period - Connor Murphy is hit by Dominic Moore and loses puck.
11:52 of 3rd period - Slapshot by Morgan Rielly.
11:52 of 3rd period - Shot Misses the Net.
11:54 of 3rd period - Slapshot by Karl Alzner.
11:54 of 3rd period - Shot Blocked by Martin Marincin.
12:14 of 3rd period - Slapshot by Drew Doughty.
12:14 of 3rd period - Stopped by Jonathan Bernier with a rebound.
12:33 of 3rd period - Minor Penalty to Jared Cowen for High sticking.
12:34 of 3rd period - Mikko Koivu wins face-off versus James Sheppard in Ducks zone.
12:45 of 3rd period - Slapshot by Marc-Edouard Vlasic.
12:45 of 3rd period - Goal by Marc-Edouard Vlasic - Ducks : 1 - MapleLeafs : 7.
12:46 of 3rd period - David Moss wins face-off versus Mikko Koivu in neutral zone.
12:51 of 3rd period - Wrist shot by David Moss.
12:51 of 3rd period - Stopped by Cory Schneider without a rebound.
12:52 of 3rd period - David Moss wins face-off versus Mikko Koivu in MapleLeafs zone.
13:01 of 3rd period - Snap shot by Nikita Kucherov.
13:01 of 3rd period - Deflect By Jonathan Huberdeau.
13:01 of 3rd period - Stopped by Cory Schneider without a rebound.
13:02 of 3rd period - Mikko Koivu wins face-off versus David Moss in MapleLeafs zone.
13:09 of 3rd period - Snap shot by James van Riemsdyk.
13:09 of 3rd period - Stopped by Jonathan Bernier with a rebound.
13:29 of 3rd period - Snap shot by Brett Bellemore.
13:29 of 3rd period - Stopped by Cory Schneider without a rebound.
13:30 of 3rd period - James Sheppard wins face-off versus Brandon Sutter in MapleLeafs zone.
13:39 of 3rd period - Snap shot by Tom Wilson.
13:39 of 3rd period - Shot Misses the Net.
13:45 of 3rd period - Snap shot by Tom Wilson.
13:45 of 3rd period - Stopped by Cory Schneider with a rebound.
13:51 of 3rd period - Slapshot by Tanner Glass.
13:51 of 3rd period - Shot Misses the Net.
13:53 of 3rd period - Snap shot by Nikita Nikitin.
13:53 of 3rd period - Shot Hit the Post.
13:55 of 3rd period - Slapshot by Nikita Nikitin.
13:55 of 3rd period - Stopped by Cory Schneider with a rebound.
13:57 of 3rd period - Slapshot by Nikita Nikitin.
13:57 of 3rd period - Stopped by Cory Schneider with a rebound.
13:59 of 3rd period - Snap shot by Nikita Nikitin.
13:59 of 3rd period - Stopped by Cory Schneider without a rebound.
14:00 of 3rd period - Dominic Moore wins face-off versus Jonathan Huberdeau in MapleLeafs zone.
14:05 of 3rd period - Wrist shot by Justin Williams.
14:05 of 3rd period - Stopped by Jonathan Bernier with a rebound.
14:07 of 3rd period - Slapshot by Dainius Zubrus.
14:07 of 3rd period - Shot Misses the Net.
14:09 of 3rd period - Wrist shot by Dainius Zubrus.
14:09 of 3rd period - Shot Blocked by Blake Comeau.
14:11 of 3rd period - Snap shot by Justin Williams.
14:11 of 3rd period - Stopped by Jonathan Bernier with a rebound.
14:13 of 3rd period - Wrist shot by Dominic Moore.
14:13 of 3rd period - Shot Blocked by Jared Cowen.
15:07 of 3rd period - Off-side.
15:08 of 3rd period - James Sheppard wins face-off versus Mikko Koivu in neutral zone.
15:11 of 3rd period - Snap shot by Nikita Nikitin.
15:11 of 3rd period - Stopped by Cory Schneider without a rebound.
15:12 of 3rd period - Mikko Koivu wins face-off versus James Sheppard in MapleLeafs zone.
15:45 of 3rd period - Wrist shot by Mikko Koivu.
15:45 of 3rd period - Stopped by Jonathan Bernier with a rebound.
15:47 of 3rd period - Slapshot by Karl Alzner.
15:47 of 3rd period - Shot Misses the Net.
15:49 of 3rd period - Slapshot by Morgan Rielly.
15:49 of 3rd period - Shot Misses the Net.
16:46 of 3rd period - Snap shot by Jonathan Huberdeau.
16:46 of 3rd period - Shot Blocked by Marc-Edouard Vlasic.
16:48 of 3rd period - Slapshot by Jared Cowen.
16:48 of 3rd period - Deflect By David Moss.
16:48 of 3rd period - Stopped by Cory Schneider with a rebound.
16:50 of 3rd period - Snap shot by David Moss.
16:50 of 3rd period - Shot Misses the Net.
17:14 of 3rd period - Dominic Moore is hit by Jean-Gabriel Pageau and loses puck.
17:23 of 3rd period - Slapshot by Justin Williams.
17:23 of 3rd period - Goal by Justin Williams - Ducks : 1 - MapleLeafs : 8.
17:24 of 3rd period - Mikko Koivu wins face-off versus Jonathan Huberdeau in neutral zone.
17:27 of 3rd period - Nikita Nikitin is hit by Karl Alzner and loses puck.
19:03 of 3rd period - Wrist shot by Tanner Glass.
19:03 of 3rd period - Stopped by Cory Schneider without a rebound.
19:04 of 3rd period - James Sheppard wins face-off versus Jeff Skinner in MapleLeafs zone.
19:11 of 3rd period - Drew Doughty is hit by James Sheppard and loses puck.
Goals for this period are 1 for Ducks vs 4 for MapleLeafs.
Shots for this period are 14 for Ducks vs 16 for MapleLeafs.